 Dungeon Crawl Stone Soup version 0.32-a0-612-g1c984fe9d1 (console) character file.

Game seed: 6494483637628633380

158 petzl the Sneak (level 5, -5/35 (41) HPs)
             Began as a Formicid Delver on Mar 4, 2024.
             Splashed by a jelly's acid (7 damage)
             ... on level 7 of the Dungeon.
             The game lasted 00:11:32 (3313 turns).

petzl the Sneak (Formicid Delver)                   Turns: 3313, Time: 00:11:33

HP:   -5/35 (41)    AC: -3    Str: 17    XL:     5   Next: 67%
MP:   20/20         EV: 12    Int: 11    God:
Gold: 157           SH:  0    Dex: 15    Spells: 13/13 levels left

rFire   . . .        a - +0 short sword (vamp)
rCold   . . .        (no shield)
rNeg    . . .        p - +0 leather armour
rPois   .            (helmet unavailable)
rElec   .            s - +0 cloak {Will+}
rCorr   .            (no gloves)
SInv    +            o - +0 pair of boots
Will    +....        (no amulet)
Stlth   +++          i - ring of magical power
HPRegen 0.25/turn    (no ring)
MPRegen 0.17/turn

%: no passive effects
@: corroded, heavily drained
A: permanent stasis, dig shafts and tunnels, antennae 3, four strong arms
a: Dig, Shaft Self


You were on level 7 of the Dungeon.
You visited 1 branch of the dungeon, and saw 7 of its levels.

You collected 157 gold pieces.

Inventory:

Hand Weapons
 a - a +0 vampiric short sword (weapon)
 b - a +0 sling
 n - a +0 mace
Missiles
 q - 3 poisoned darts
Armour
 o - a +0 pair of boots (worn)
 p - a +0 leather armour (worn)
 s - a +0 cloak of willpower (worn)
Jewellery
 i - a ring of magical power (left hand)
Wands
 f - a wand of digging (3)
Scrolls
 c - a scroll of fog
 d - 2 scrolls of revelation
 g - 5 scrolls of identify
 j - 3 scrolls of fear
 l - a scroll of enchant armour {unknown}
Potions
 e - 3 potions of enlightenment {unknown}
 h - a potion of lignification {unknown}
 k - 2 potions of curing {unknown}
 m - a potion of might {unknown}
 r - a potion of resistance {unknown}


   Skills:
 - Level 3.2 Fighting
 - Level 2.0 Maces & Flails
 + Level 1.5 Ranged Weapons
 - Level 1.7 Dodging
 - Level 6.0 Stealth
 + Level 4.5 Spellcasting


You had 13 spell levels left.
You didn't know any spells.
Your spell library contained the following spells:

 Spells                   Type           Power      Damage    Failure   Level
 Inner Flame              Hex/Fire       2%         N/A       63%         3
 Irradiate                Conj/Alch      1%         3d12      100%        5
 Ignition                 Fire           1%         3d3       100%        8


Dungeon Overview and Level Annotations

Branches:
Dungeon (7/15)
 Temple: D:4-7

Altars:
Elyvilon
Kikubaaqudgha
Ru
Wu Jian
Yredelemnul

Shops:
D:2 (

Annotations:
D:7 exclusion: bullfrog


Innate Abilities, Weirdness & Mutations

You cannot be hasted, slowed, berserked, paralysed or teleported.
You can dig through walls and to a lower floor.
You have a pair of large antennae on your head. (SInv)
Your four strong arms can wield two-handed weapons with a shield.


Message History

Here: a bullfrog (asleep)
The floor.
Placed new exclusion.
Unknown command.
Found a rapier.
Found a robe.
A jelly comes into view.
A jelly is nearby!
You shoot a sling bullet. The jelly quivers.
The sling bullet hits the jelly.
The jelly is moderately wounded.
You shoot a sling bullet.
The sling bullet hits the jelly but does no damage.
The jelly is moderately wounded.
You shoot a sling bullet.
The sling bullet hits the jelly but does no damage.
The jelly is moderately wounded.
You shoot a sling bullet. The sling bullet hits the jelly.
The jelly is moderately wounded.
You shoot a sling bullet. The sling bullet hits the jelly.
The jelly is moderately wounded.
The jelly hits you but does no damage.
You feel a sense of dread.
a - a +0 vampiric short sword (weapon)
The jelly closely misses you.
You hit the jelly but do no damage. The acid corrodes you!
Your hands burn!
The jelly is moderately wounded.
The jelly hits you. The acid corrodes you!
You are splashed with acid.
You hit the jelly but do no damage.
Your hands burn!
The jelly is moderately wounded.
The jelly hits you.
You are splashed with acid!
* * * LOW HITPOINT WARNING * * *
You hit the jelly but do no damage.
Your hands burn!
* * * LOW HITPOINT WARNING * * *
The jelly is moderately wounded.
The jelly hits you.
* * * LOW HITPOINT WARNING * * *
You are splashed with acid!
You die...

#. #.# .. ... .. ...
.##.# .#.# ..# #J# #@#
.# ##.# .### #.##
#.... #.###.....
#.....# ##....# ..#
##...###..# #........#
{ #........# #.#
#..##.##.# #.#
#..##.##.# #.#
###........# #.###
#.......##.# #.##.
#....###.##. #.##.
#.###
#.##.########.#.. #.
#.##..........).. [
######.##..........#..
.
#......###.###########
#.###### #.#


You could see a jelly.

Vanquished Creatures
  6 adders
  A dart slug (D:2)
  2 ribbon worms (D:2)
  4 orcs (D:7)
  8 bats
  A bat skeleton (D:2)
  2 bat zombies (D:2)
  6 endoplasms
  3 giant cockroaches
  6 goblins
  7 hobgoblins
  6 jackals
  7 kobolds
  3 quokkas (D:2)
  5 ball pythons
  2 ball python zombies (D:2)
  4 frilled lizards
  2 giant cockroach zombies (D:2)
  A jackal skeleton (D:2)
  A quokka zombie (D:2)
  17 rats
  A spectral orc (D:3)
95 creatures vanquished.

Notes
Turn   | Place    | Note
-------+----------+-------------------------------------------
     0 | D:5      | petzl the Formicid Delver began the quest for the Orb.
     0 | D:5      | Reached XP level 1. HP: 18/18 MP: 1/1
     9 | D:5      | Found an ornate altar of the Wu Jian Council.
    18 | D:6      | Noticed a bullfrog
    18 | D:6      | Noticed an orc wizard
   128 | D:4      | Found an ancient bone altar of Kikubaaqudgha.
   128 | D:4      | Noticed a bombardier beetle
   302 | D:2      | Reached skill level 1 in Spellcasting
   433 | D:2      | Found Begeor's Weapon Shop.
   456 | D:1      | Reached XP level 2. HP: 24/24 MP: 4/4
   668 | D:1      | Reached XP level 3. HP: 19/29 MP: 6/6
  1449 | D:2      | Reached XP level 4. HP: 34/35 MP: 8/8
  1615 | D:2      | Found a sacrificial altar of Ru.
  2247 | D:2      | Found a faded altar of an unknown god.
  2492 | D:3      | Reached XP level 5. HP: 40/41 MP: 11/11
  2753 | D:3      | Found a white marble altar of Elyvilon.
  2828 | D:3      | Reached skill level 1 in Ranged Weapons
  2884 | D:3      | Found a basalt altar of Yredelemnul.
  2884 | D:3      | Noticed a weeping skull
  2910 | D:3      | You fall into a shaft and drop 2 floors!
  3078 | D:4      | You fall into a shaft and drop 3 floors!
  3263 | D:7      | Noticed a bullfrog
  3313 | D:7      | Splashed by a jelly's acid

Illustrated notes

Levels and vault maps discovered:
D:1:      wander_arrival_lonely_grave, layout_basic, minmay_rat_gold_closets
D:2:      layout_basic, serial_undead, serial_undead_e, serial_undead_f,
          serial_undead_d, serial_undead_b, serial_undead_d, serial_undead_d,
          basic_ecumenical_altar, basic_altar, serial_shops,
          nicolae_shop_bloodbath_and_beyond
D:3:      layout_basic, yredelemnul_forgotten_temple_becter,
          nicolae_elyvilon_temple_path
D:4:      layout_basic, mainiacjoe_overflow_catwalk_spiral, uniq_blork_the_orc,
          uniq_edmund
D:5:      layout_loops_ring, mainiacjoe_overflow_alcove_1,
          minmay_temple_entry_statues_fountains, minmay_misc_feat_room
D:6:      layout_cave_pools
D:7:      layout_loops_ring, chequers_temple_overflow_minitemple, serial_shops,
          shop, uniq_maurice, uniq_pikel, uniq_menkaure

Skill      XL: |  1  2  3  4  5 |
---------------+----------------+-----
Spellcasting   | 1 2 3 4 |  4.5
Ranged Weapons | 1 |  1.5
Fighting       | |  3.2
Maces & Flails | |  2.0
Dodging        | |  1.7
Stealth        | |  6.0

Action                     |  1- 3 |  4- 6 || total
---------------------------+-------+-------++-------
  Melee: Mace              |   136 |   104 ||   240
         Short sword       |       |    63 ||    63
   Fire: Sling             |       |    85 ||    85
Ability: Shaft Self        |       |     2 ||     2
    Use: Scroll            |     1 |     1 ||     2
   Stab: Sleeping          |    11 |     5 ||    16
         Distracted        |       |     1 ||     1
 Armour: Leather armour    |    82 |   168 ||   250
  Dodge: Dodged            |    94 |   128 ||   222

Table legend: (Time is in decaauts)
 A = Elapsed time spent in this place.
 B = Non-inter-level travel time spent in this place.
 C = Inter-level travel time spent in this place.
 D = Time resting spent in this place.
 E = Time spent auto-exploring this place.
 F = Levels seen in this place.
 G = Mean time per level.
                   A        B        C        D        E       F      G
               +--------+--------+--------+--------+--------+-----+--------+
         Total |   3402 |   3328 |     74 |    672 |   1574 |   7 |  486.0 |
       Dungeon |   3402 |   3328 |     74 |    672 |   1574 |   7 |  486.0 |
               +--------+--------+--------+--------+--------+-----+--------+

Top non-repeatable levels by time:
     D:2: 1176 daAuts
     D:1: 930 daAuts
     D:3: 680 daAuts
     D:7: 237 daAuts
     D:4: 219 daAuts
     D:5: 156 daAuts
     D:6: 1 daAuts
